[Event "Titled Tuesday Blitz October 31 Early 2023"]
[White "dontcatchmeifyoucant"]
[Black "Skiadopoulos, Nikolaos"]
[BlackFideId "4200772"]
[WhiteElo "2089"]
[BlackElo "1787"]
[Result "0-1"]
[Round "11"]
[TimeControl "180+1"]
[Date "2023.10.31"]
[WhiteClock "0:00:00"]
[BlackClock "0:00:04"]
[Board "128"]

1. e4 c5 2. Nc3 Nc6 3. Bb5 Na5 4. b3 a6 5. Be2 g6 6. Bb2 Bg7 7. f4 e6 8. e5 d5 9. exd6 Nf6 10. Nf3 O-O 11. O-O Qxd6 12. Ne5 Nc6 13. Na4 b5 14. Nb6 Rb8 15. Nxc8 Rbxc8 16. Nxc6 Rxc6 17. Be5 Qd7 18. a4 b4 19. Bf3 Nd5 20. Qe2 Bxe5 21. Qxe5 f6 22. Qe4 Rd6 23. Rae1 Rd8 24. d3 Kf7 25. h4 Nc3 26. Qe3 Qc7 27. h5 Nd5 28. hxg6+ hxg6 29. Bxd5 exd5 30. Qh3 Kg7 31. f5 g5 32. Rf3 Rh8 33. Qg3 Rd7 34. Qxc7 Rxc7 35. Rfe3 Kf7 36. Re6 c4 37. dxc4 dxc4 38. Rxa6 cxb3 39. cxb3 g4 40. Rb6 Rh5 41. Rxb4 Rxf5 42. Rxg4 Rc2 43. b4 Re5 44. a5 Rxe1+ 45. Kh2 Ree2 46. a6 f5 47. a7 Ra2 48. Rg5 Rxa7 49. Rxf5+ Kg6 50. Re5 Rb2 51. b5 Rb7 52. Re6+ Kf5 53. Re8 R7xb5 54. Rf8+ Ke4 55. Re8+ Re5 56. Rd8 Rg5 57. Re8+ Kd5 58. Rd8+ Kc6 59. Rc8+ Kd7 60. Rc3 Rgxg2+ 61. Kh3 Rg8 62. Rd3+ Ke6 63. Re3+ Kd5 64. Re1 Rb7 65. Rd1+ Ke4 66. Re1+ Kf3 67. Rf1+ Ke2 68. Rf4 Rh7+ 69. Rh4 Rxh4+ 70. Kxh4 Kf3 71. Kh5 Kf4 72. Kh6 Kf5 73. Kh7 Rg1 74. Kh6 Rg2 75. Kh7 Kf6 76. Kh8 Kf7 0-1


[Site "https://www.chess.com"]

[Event "Titled Tuesday Blitz October 31 Early 2023"]
[White "leonidsh29"]
[Black "Gyulamiryan-koryun"]
[WhiteElo "2041"]
[BlackElo "1907"]
[Result "1/2-1/2"]
[Round "11"]
[TimeControl "180+1"]
[Date "2023.10.31"]
[WhiteClock "0:00:23"]
[BlackClock "0:01:21"]
[Board "129"]

1. d4 Nf6 2. c4 c5 3. Nf3 g6 4. dxc5 e6 5. g3 Bxc5 6. Bg2 O-O 7. O-O Nc6 8. a3 a5 9. Nc3 Rb8 10. Bg5 Be7 11. Qd2 Re8 12. Rfd1 d6 13. Nd4 Ng4 14. Bxe7 Nxe7 15. Ndb5 Qb6 16. Qf4 e5 17. Qf3 f5 18. Rxd6 Qc5 19. h3 e4 20. Qf4 Nf6 21. Rxf6 Qxc4 22. Qxb8 Bd7 23. Qd6 Bxb5 24. Nxb5 Qxb5 25. Re6 Kf7 26. Rd1 Qxe2 27. Qe5 Qxd1+ 28. Kh2 Qd7 29. Qf6+ Kg8 30. Rd6 Qc7 31. Re6 Qd7 32. Rd6 Qc7 33. Re6 Qd7 1/2-1/2